Zazza, neutral female gnomish Wizard ---- --@.- ------. |..d.--- ---- --.|..... --------f....... --..---........ ----- |.....||......... ----............... |...---*)...||..|.--... --.|.................--.......--.----------.. |........ >.................................. --........ .........---.......-------------.. --...........-------- |...|. ---- |............| |..-- --..---............-- --- ---- ---- |.........|.........-----.---- --.<| --...--------.........|......-- |...| --...| |..---............|---.--- |...| --..| ----.%.......||...| --..| |...| --.....-.---.--- ---- |..-- ---.........| ---- ----------- Zazza the Evoker Experience level: 2 Strength: 11 Dexterity: 13 Constitution: 12 Intelligence: 18 Wisdom: 9 Charisma: 12 Health: 0(14) Energy: 16(21) Def: 1 Gold: 305 Moves: 1441 Dungeon seed: gTzaxERQgFELRAUO Game ID: Zazza_1533228855 Your Inventory: Coins $ - 305 gold pieces Weapons a - a blessed +1 quarterstaff p - 6 +0 darts r - a +0 orcish dagger (weapon in hand) Armor e - an uncursed +0 cloak of magic resistance (being worn) Comestibles q - an uncursed food ration Scrolls i - 2 uncursed scrolls of identify j - an uncursed scroll of remove curse n - an uncursed scroll of food detection o - 2 uncursed scrolls of confuse monster Spellbooks k - a blessed spellbook of force bolt l - an uncursed spellbook of identify Potions f - 2 uncursed potions of healing g - an uncursed potion of gain energy h - a blessed potion of restore ability Rings c - an uncursed ring of teleport control d - an uncursed ring of teleportation Wands b - a wand of probing (0:7) v - a wand of striking (0:5) Tools m - an uncursed lock pick s - an uncursed magic whistle u - an uncursed mirror Gems y - an uncursed worthless piece of green glass Spells and supernatural/magical abilities: Name Level Category Fail Memory a - force bolt 1 attack 0% 93% I - identify 3 divination 91% 93% W - pray for help -- divine ? -- Your skills at the end: Fighting Skills Weapon Skills quarterstaff [Basic] Spellcasting Skills attack spells [Basic] enchantment spells [Basic] Final Attributes: You were stridently aligned. You were magic-protected. You had infravision. You are dead. Vanquished creatures: a kitten an iguana a large kobold a yellow mold a jackal a kobold a goblin 4 sewer rats 7 grid bugs 2 bats 2 lichens 6 newts 28 creatures vanquished. Voluntary challenges: You were an atheist. You used a wielded weapon 15 times, starting on turn 205. You were illiterate. You never genocided any monsters. You never polymorphed an object. You never changed form. You used no wishes. You never split a pudding. You never wrote Elbereth's name. You never violated your personal moral code. Dungeon overview: The Dungeons of Doom: levels 1 to 3 Level 1 some fountains a long staircase Level 2 a delicatessen, a fountain Level 3 a fountain stairs to The Gnomish Mines The Gnomish Mines: Level 4 <- You were here stairs to The Dungeons of Doom History has recorded: On T:1 you entered the Dungeons of Doom to retrieve the Amulet of Yendor! On T:508 you reached level 2 of The Dungeons of Doom. On T:930 you reached level 3 of The Dungeons of Doom. On T:1141 you reached level 1 of The Gnomish Mines. On T:1177 you advanced to experience level 2. Score breakdown: Gold: 305 ( 8455 points) Experience: 2 levels ( 5570 points) Exploration: 4 levels ( 8.16%) ( 7500 points) Discoveries: 3 items ( 1.04%) ( 3061 points) Valuables value: (no points given unless you survive) Artifact value: 0 ( 0 points) Variety of kills: 12 monsters ( 3.15%) ( 5324 points) Turncount: 1441 turns ( 0 points) Survival: died (score multiplied by 80%) Total score: 23928 Latest messages: The bat bites! The bat is killed! You see here 6 rocks. Please move the cursor to an unknown object. Never mind. You displace Armand. You stop. Armand is in the way! You displace Armand. You feel strong! You must have been exercising. You see here a green gem. y - a green gem. The dart misses it. You miss it. The little dog bites! (2x) You hear some noises. The spell misses it. The little dog bites! (2x) You die... Final status: Goodbye Zazza the Wizard, killed by a little dog... You died in The Gnomish Mines on dungeon level 4 with 23928 points, and 305 pieces of gold, after 1441 moves. You were level 2 with a maximum of 14 hit points when you died.